 Dungeon Crawl Stone Soup version 0.31.0-11-ge490571c62 (webtiles) character file.

Game seed: 9015043734636613783

238 Xavori the Slasher (level 6, -1/46 HPs)
             Began as a Djinni Chaos Knight on Jan 26, 2024.
             Was a Plaything of Xom.
             Slain by an ogre
             ... wielding a +0 giant club
              (23 damage)
             ... on level 4 of the Dungeon.
             The game lasted 00:03:00 (5848 turns).

Xavori the Slasher (Djinni Chaos Knight)            Turns: 5848, Time: 00:03:00

Health: -1/46      AC:  7    Str: 17    XL:     6   Next: 28%
Gold:   162        EV: 12    Int: 14    God:    Xom [.....*] SH:  0 Dex: 16

rFire   + + +        a - +0 falchion (chaos)
rCold   x . .        (no shield)
rNeg    . . .        b - +2 leather armour
rPois   ∞            l - +1 hat
rElec   .            (no cloak)
rCorr   .            q - +0 pair of gloves
SInv    +            (boots unavailable)
Will    +....        (no amulet)
Stlth   +            i - ring of see invisible
HPRegen 0.27/turn    (no ring)
MPRegen 0.00/turn

%: infuse magic (-2 HP)
@: flying
A: sickness immunity, fire resistance 3, cold vulnerability 1, float, innate
caster, HP casting, extra vitality 1, agile 1, clever 1, strong-willed 1, strong
2, wild magic 1
a: Renounce Religion


You were on level 4 of the Dungeon.
You worshipped Xom.
You were Xom's teddy bear.
You visited 1 branch of the dungeon, and saw 4 of its levels.

You collected 162 gold pieces.

Inventory:

Hand Weapons
 a - a +0 falchion of chaos (weapon)
Armour
 b - a +2 leather armour (worn)
 l - a +1 hat (worn)
 q - a +0 pair of gloves (worn)
Jewellery
 i - a ring of see invisible (left hand)
Wands
 m - a wand of flame (10)
 n - a wand of charming (12)
Scrolls
 c - a scroll of butterflies
 f - 2 scrolls of teleportation
 h - a scroll of vulnerability {unknown}
 k - a scroll of identify {unknown}
 o - a scroll of acquirement {unknown}
 r - a scroll of noise {unknown}
 s - 3 scrolls of amnesia {unknown}
Potions
 d - a potion of enlightenment {unknown}
 e - a potion of brilliance {unknown}
 g - 2 potions of curing {unknown}
 j - 2 potions of resistance {unknown}
 p - a potion of attraction {unknown}


   Skills:
 + Level 3.6 Fighting
 + Level 3.9 Long Blades
 + Level 2.7 Armour
 + Level 3.0 Dodging
 * Level 1.2 Spellcasting
 * Level 1.2 Conjurations
 * Level 1.2 Hexes
 * Level 1.2 Summonings
 * Level 1.2 Necromancy
 * Level 1.2 Translocations
 * Level 1.2 Fire Magic
 * Level 1.2 Ice Magic
 * Level 1.2 Air Magic
 * Level 1.2 Earth Magic
 * Level 1.2 Alchemy
 * Level 0.9 Evocations


You knew the following spells:

 Your Spells              Type           Power      Damage    Failure   Level
a - Summon Small Mammal   Summ           20%        N/A       26%         1
b - Static Discharge      Conj/Air       10%        3-4/arc   36%         2
Your spell library was empty.

Dungeon Overview and Level Annotations

Branches:
Dungeon (4/15)             Temple (0/1) D:4

Altars:
Hepliaklqana

Shops:
D:3 [(*


Innate Abilities, Weirdness & Mutations

You are immune to sickness and miasma.
You are immune to poison.
Your flesh is almost immune to the effects of heat. (rF+++)
You are vulnerable to cold. (rC-)
You float through the air rather than walking.
You learn spells naturally, not from books.
Your magical power is your life essence.
You have superior vitality. (+4 MHP)
You are agile. (Dex +4, Str/Int -1)
Your mind is acute. (Int +4, Str/Dex -1)
You are strong-willed. (Will+)
Your muscles are very strong. (Str +8, Int/Dex -2)
Your spells are a little harder to cast, but a little more powerful.


Message History

Items here: )))) [[[ ††††.
Things that are here:
a jackal skeleton; a jackal skeleton
There is a stone staircase leading down here.
Things that are here:
a +0 robe; a +0 dagger
Found a staircase to the Ecumenical Temple.
Found a book of Spontaneous Combustion.
No target in view!
No target in view!
No target in view!
An ogre comes into view. It is wielding a +0 giant club.
You see here 10 gold pieces.
An ogre is nearby!
An ogre is nearby!
The ogre shouts!
Cast which spell? (? or * to list)
Okay, then.
Cast which spell? (? or * to list) "Take this token of my esteem."
Something appears before you!
You see here a book of Ice.
Your bat hits the ogre but does no damage.
The ogre hits your bat with a +0 giant club!
Your bat dies!
Your bat's corpse disappears in a puff of smoke!
Casting: Summon Small Mammal (safe; 26% risk of failure)
Confirm with . or Enter, or press ? or * to list all spells.
You hit the ogre. You burn the ogre.
The ogre is moderately wounded.
The ogre hits you with a +0 giant club!!
Ouch! That really hurt!
You hit the ogre but do no damage.
The ogre seems to speed up.
The ogre is moderately wounded.
The ogre misses you.
You hit the ogre. You freeze the ogre.
The ogre is heavily wounded.
The ogre hits you with a +0 giant club!!
Ouch! That really hurt!
You die...
Xom laughs nastily!

...#.#.#.#...####....#...
#..#.#.#.....# #...##...
##...#.#....#.###...###..
#..........##.......#....
#.......####............
###..$...#..$.......####
##................ #
###:........ ... #
#...@r...... .. #
#...O....... #
###.###.#... #.. ##...
... ...# ...# ....


You could see an ogre (fast, ally target) and a friendly rat (summoned).

Vanquished Creatures
  2 orc priests (D:4)
  Jessica (D:2)
  An orc wizard (D:4)
  4 gnolls (D:2)
  An adder (D:2)
  2 ribbon worms
  7 orcs
  An endoplasm (shapeshifter) (D:2)
  6 endoplasms
  4 giant cockroaches
  6 goblins
  5 hobgoblins
  5 jackals
  5 kobolds
  A quokka (D:3)
  8 ball pythons
  3 bats
  2 frilled lizards
  2 rats
66 creatures vanquished.

Notes
Turn   | Place    | Note
-------+----------+-------------------------------------------
     0 | D:1      | Xavori the Djinni Chaos Knight began the quest for the Orb.
     0 | D:1      | Reached XP level 1. HP: 20/20 MP: 0/0
   151 | D:1      | Reached XP level 2. HP: 19/25 MP: 0/0
   272 | D:1      | XOM: silly message
   379 | D:1      | XOM: silly message
   481 | D:1      | Reached XP level 3. HP: 28/30 MP: 0/0
   481 | D:1      | Learned a level 1 spell: Summon Small Mammal
   962 | D:1      | XOM: silly message
  1045 | D:1      | XOM: god gift: 29 gold pieces
  1230 | D:1      | XOM: cloud trail
  2147 | D:1      | XOM: god gift: glowing shortbow {god gift}
  2224 | D:1      | XOM: give mutation
  2224 | D:1      | Gained mutation: You have hidden genetic potential. [Xom's
                  | grace]
  2866 | D:1      | XOM: god gift: +1 hat
  2939 | D:1      | XOM: god gift: ivory wand {god gift}
  3321 | D:1      | XOM: god gift: wand of charming (5)
  3489 | D:1      | XOM: god gift: Fen Folio
  3760 | D:1      | XOM: give mutations
  3760 | D:1      | Gained mutation: Your mind is acute. (Int +4, Str/Dex -1)
                  | [Xom's grace]
  3760 | D:1      | Gained mutation: Your muscles are strong. (Str +4, Int/Dex
                  | -1) [Xom's grace]
  3760 | D:1      | Gained mutation: Your spells are a little harder to cast,
                  | but a little more powerful. [Xom's grace]
  3760 | D:1      | Gained mutation: You are agile. (Dex +4, Str/Int -1) [Xom's
                  | grace]
  3904 | D:2      | Found a hazy altar of Hepliaklqana.
  3925 | D:2      | Reached XP level 4. HP: 17/35 MP: 0/0
  3992 | D:2      | XOM: give mutation
  3992 | D:2      | Gained mutation: You are strong-willed. (Will+) [Xom's
                  | grace]
  4001 | D:2      | XOM: fog
  4004 | D:2      | XOM: draining
  4009 | D:2      | XOM: smoke on damage
  4036 | D:2      | Gained mutation: Your flesh is almost immune to the effects
                  | of heat. (rF+++) [hidden potential]
  4148 | D:2      | Noticed Jessica
  4156 | D:2      | Killed Jessica
  4157 | D:2      | Reached XP level 5. HP: 38/40 MP: 0/0
  4157 | D:2      | Learned a level 2 spell: Static Discharge
  4261 | D:2      | XOM: cloud trail
  4413 | D:2      | a giant cockroach changed into a shapeshifter
  4413 | D:2      | Noticed a shapeshifter (shapeshifter)
  4413 | D:2      | XOM: polymorph giant cockroach -> shapeshifter
  4413 | D:2      | a shapeshifter changed into an endoplasm
  4788 | D:3      | Reached skill level 1 in Spellcasting
  4788 | D:3      | Reached skill level 1 in Conjurations
  4788 | D:3      | Reached skill level 1 in Hexes
  4788 | D:3      | Reached skill level 1 in Summonings
  4788 | D:3      | Reached skill level 1 in Necromancy
  4788 | D:3      | Reached skill level 1 in Translocations
  4788 | D:3      | Reached skill level 1 in Fire Magic
  4788 | D:3      | Reached skill level 1 in Ice Magic
  4788 | D:3      | Reached skill level 1 in Air Magic
  4788 | D:3      | Reached skill level 1 in Earth Magic
  4788 | D:3      | Reached skill level 1 in Alchemy
  4805 | D:3      | Gained mutation: Your muscles are very strong. (Str +8,
                  | Int/Dex -2) [hidden potential]
  4805 | D:3      | Lost mutation: You have hidden genetic potential. [hidden
                  | potential expressed]
  4827 | D:3      | Found Leigg's Assorted Antiques.
  4902 | D:3      | Found Ysay's Weapon Emporium.
  5007 | D:3      | XOM: god gift: wand of charming (7)
  5014 | D:3      | XOM: god gift: scroll labelled KAANOY RUJIEM {god gift}
  5069 | D:3      | Found Kayfe's Armour Emporium.
  5076 | D:3      | XOM: 1-stop teleportation journey
  5483 | D:3      | XOM: confuse monster(s)
  5621 | D:4      | Reached XP level 6. HP: 40/46 MP: 0/0
  5644 | D:4      | HP: 1/46 [orc priest/divine providence (11)]
  5835 | D:4      | Found a staircase to the Ecumenical Temple.
  5839 | D:4      | Noticed an ogre
  5843 | D:4      | XOM: god gift: book of Ice
  5848 | D:4      | Slain by an ogre

Illustrated notes

Levels and vault maps discovered:
D:1:      nzn_arrival_depleted_hourglass, layout_loops_ring, serial_forest,
          infiniplex_forest_lined_3, infiniplex_forest_clump_medium,
          infiniplex_forest_corner_2, infiniplex_forest_straight_2,
          infiniplex_forest_corner_1, infiniplex_forest_end_2,
          infiniplex_forest_clump_curved, reono_crystal_passage
D:2:      wander_river, layout_loops_cross, basic_altar, uniq_jessica
D:3:      layout_loops_ring, serial_shops, shop, shop, shop_fountains
D:4:      layout_cave_pools, minmay_temple_entry_grid, nrook_campfire,
          ebering_dispersal_statue_hall

Skill      XL: |  1  2  3  4  5  6 |
---------------+-------------------+-----
Long Blades    | 3 |  3.9
Armour         | 2 |  2.7
Spellcasting   | 1 |  1.2
Conjurations   | 1 |  1.2
Hexes          | 1 |  1.2
Summonings     | 1 |  1.2
Necromancy     | 1 |  1.2
Translocations | 1 |  1.2
Fire Magic     | 1 |  1.2
Ice Magic      | 1 |  1.2
Air Magic      | 1 |  1.2
Earth Magic    | 1 |  1.2
Alchemy        | 1 |  1.2
Dodging        | 3 |  3.0
Fighting       | |  3.6
Evocations     | |  0.9

Action                     |  1- 3 |  4- 6 || total
---------------------------+-------+-------++-------
  Melee: Falchion          |    65 |   128 ||   193
         Punch             |       |     7 ||     7
   Cast: Summon Small Mamm |       |     2 ||     2
    Use: Scroll            |       |     1 ||     1
   Stab: Paralysed         |       |     1 ||     1
         Sleeping          |       |     1 ||     1
 Armour: Leather armour    |    35 |    86 ||   121
  Dodge: Dodged            |    47 |    88 ||   135
